 Dungeon Crawl Stone Soup version 0.25.0-33-gff14898491 (webtiles) character file.

Game seed: 7495762337779782577

8057 nikku the Covert (level 11, -10/77 HPs)
             Began as an Octopode Assassin on July 7, 2020.
             Was an Elder of Dithmenos.
             Mangled by a three-headed hydra (16 damage)
             ... on level 10 of the Dungeon.
             The game lasted 00:36:48 (10358 turns).

nikku the Covert (Octopode Assassin)               Turns: 10358, Time: 00:36:48

Health: -10/77     AC:  1    Str: 11    XL:     11   Next: 24%
Magic:  11/11      EV: 17    Int: 13    God:    Dithmenos [****..]
Gold:   553        SH: 12    Dex: 17    Spells: 10/10 levels left

rFire    . . .     SeeInvis .   a - +7 dagger (vorpal)
rCold    + . .     Gourm    .   B - +2 kite shield
rNeg     . . .     Faith    .   (helmet restricted)
rPois    .         Spirit   .   t - amulet of regeneration
rElec    .         Reflect  .   A - ring of protection from cold
rCorr    .         Harm     .   G - ring of flight
MR       .....                  (no ring)
Stlth    +++++++++.             (no ring)
HPRegen  0.62/turn              (no ring)
MPRegen  0.12/turn              (no ring)
                                (no ring)
                                (no ring)

@: mighty, wreathed by umbra
A: almost no armour, stealthy swim, amphibious, 8 rings, constrict 8, camouflage
1, gelatinous body 1
a: Shadow Step, Renounce Religion, Evoke Flight


You were on level 10 of the Dungeon.
You worshipped Dithmenos.
Dithmenos was greatly pleased with you.
You were not hungry.

You visited 2 branches of the dungeon, and saw 11 of its levels.
You also visited: Ossuary.

You collected 553 gold pieces.

Inventory:

Hand Weapons
 a - a +7 vorpal dagger (weapon)
 b - a +0 hunting sling
 g - a +0 dagger of venom
Missiles
 c - a curare-tipped dart
 f - 51 sling bullets
 C - 6 datura-tipped darts
 L - 8 poisoned darts (quivered)
Armour
 B - a +2 kite shield (worn)
Magical Staves
 y - an uncursed staff of fire {unknown}
Jewellery
 t - an amulet of regeneration (around mantle)
 A - a ring of protection from cold (left tentacle)
 G - a ring of flight (right tentacle)
Wands
 j - a wand of polymorph (4)
 q - a wand of random effects (19)
 v - a wand of clouds (1)
 E - a wand of iceblast (7)
 F - a wand of acid (12)
 I - a wand of enslavement (8)
 J - a wand of flame (59)
 O - a wand of disintegration (12)
Scrolls
 e - 5 scrolls of remove curse
 i - 4 scrolls of immolation
 n - a scroll of fog
 o - 4 scrolls of teleportation
 r - a scroll of magic mapping
 x - 2 scrolls of amnesia
 D - 2 scrolls of fear
Potions
 h - 3 potions of curing
 k - 3 potions of mutation
 l - 4 potions of flight
 p - 4 potions of might
 s - a potion of berserk rage {unknown}
 u - a potion of ambrosia
 w - 2 potions of lignification
 z - 2 potions of magic {unknown}
 H - 2 potions of resistance {unknown}
 K - a potion of haste {unknown}
 M - a potion of brilliance {unknown}
Comestibles
 d - 17 rations
 N - 2 chunks of flesh


   Skills:
 + Level 7.9 Fighting
 + Level 7.9 Short Blades
 - Level 4.2 Throwing
 + Level 7.8 Dodging
 + Level 11.9 Stealth
 + Level 6.5 Shields


You had 10 spell levels left.
You didn't know any spells.
Your spell library contained the following spells:

 Spells                   Type           Power        Failure   Level  Hunger
 Magic Dart               Conj           #...         67%         1    ##.....
 Blink                    Tloc           N/A          80%         2    ###....
 Call Imp                 Summ           #.......     80%         2    ###....
 Slow                     Hex            #.......     80%         2    ###....
 Conjure Flame            Conj/Fire      #.......     95%         3    ####...
 Mephitic Cloud           Conj/Pois/Air  #.......     95%         3    ####...


Dungeon Overview and Level Annotations

Branches:
Dungeon (10/15)            Temple (1/1) D:6         Ossuary (visited)
   Lair: D:8-11         Orc: D:9-12

Altars:
Ashenzari
Cheibriados
Dithmenos
Elyvilon
Fedhas
Gozag
Hepliaklqana
Kikubaaqudgha
Makhleb
Nemelex Xobeh
Okawaru
Qazlal
Ru
Sif Muna
Trog
Uskayaw
Vehumet
Wu Jian
Xom
Yredelemnul
Zin
The Shining One

Annotations:
D:3 2 transporters, SamuraiZach's ghost, amateur NaFi
D:5 3 runed translucent doors, LohmatiyShmel's ghost, novice MiFi


Innate Abilities, Weirdness & Mutations

You cannot wear most types of armour.
You are very stealthy in the water. (Stealth+)
You are amphibious.
You can wear up to eight rings at the same time.
You can use your tentacles to constrict eight enemies at once.
Your skin changes colour to match your surroundings (Stealth+).
Your rubbery body absorbs attacks. (AC +1, EV +1)


Message History

You bump into the rock wall.
The three-headed hydra misses you.
The three-headed hydra completely misses you.
The three-headed hydra barely misses you.
You puncture the three-headed hydra! You squeeze the three-headed hydra.
The three-headed hydra is moderately wounded.
You puncture the three-headed hydra!
The three-headed hydra is moderately wounded.
You feel less invigorated.
You feel less confused.
The big kobold seems to regain its courage.
The three-headed hydra bites you.
* * * LOW HITPOINT WARNING * * *
The three-headed hydra bites you!
* * * LOW HITPOINT WARNING * * *
The three-headed hydra misses you.
You feel very mighty all of a sudden. The three-headed hydra bites you.
* * * LOW HITPOINT WARNING * * *
The three-headed hydra bites you!
You die...

..# ##...## ##%%...+ .# .##
#...## #.#....)# )# ..#
#.[..####..##'''###'# ..#
#...#...#...#...$.P≈.#
...##...###.....##..%..K≈P#
.......# ##....###..P..P)≈#
....#.. #.....###Y%....†P#
...##...##......##.≈.≈Y≈PP#
...###..........@####.#####
...# ...........DYK....#
... #.........###....## ..
#....###..# ###..# #..##
#..# #..... ..# ##..
##...## .# #... .### .###
##


You could see a three-headed hydra, a yak and a big kobold.

Vanquished Creatures
  Erica (D:9)
  A troll (D:9)
  2 dream sheep (D:10)
  A hippogriff (D:9)
  Sigmund (D:6)
  3 wraiths
  A wyvern (D:9)
  3 yaks
  2 hungry ghosts
  Edmund (D:6)
  A water moccasin (D:8)
  2 black bears (D:9)
  2 orc warriors
  5 ice beasts
  2 sky beasts
  3 phantoms
  2 ogres
  3 necrophages (D:6)
  5 centaurs
  3 big kobolds
  3 bullfrogs
  A wyvern zombie (D:6)
  3 scorpions
  6 wights
  7 howler monkeys
  A centaur zombie (D:6)
  2 bullfrog zombies
  6 crimson imps
  A quasit (D:9)
  5 hounds
  A jelly (D:5)
  A centaur skeleton (D:9)
  4 iguanas
  4 orc priests
  4 bullfrog skeletons
  5 orc wizards
  Natasha (thrice) (D:3)
  15 worker ants
  3 hound skeletons
  A howler monkey zombie (D:9)
  A worker ant zombie (D:6)
  A howler monkey skeleton (D:5)
  7 adders
  A shadow imp (D:9)
  3 oozes
  3 adder zombies
  2 worms
  2 dart slugs
  2 leopard geckos
  46 orcs
  2 ball pythons (D:2)
  5 giant cockroaches
  5 goblins
  8 hobgoblins
  10 jackals
  15 kobolds
  3 quokkas
  13 bats
  A frilled lizard (D:3)
  A jackal skeleton (D:6)
  2 jackal zombies
  A kobold zombie (Ossuary)
  2 orc skeletons (Ossuary)
  2 orc zombies (Ossuary)
  A quokka skeleton (D:8)
  2 quokka zombies (D:7)
  6 rats
267 creatures vanquished.

Vanquished Creatures (collateral kills)
  An adder (D:6)
1 creature vanquished.

Vanquished Creatures (others)
  Ijyb (D:4)
  A bush (D:6)
  7 plants (D:6)
9 creatures vanquished.

Grand Total: 277 creatures vanquished

Notes
Turn   | Place    | Note
-------+----------+-------------------------------------------
     0 | D:1      | nikku the Octopode Assassin began the quest for the Orb.
     0 | D:1      | Reached XP level 1. HP: 14/14 MP: 1/1
   121 | D:1      | Reached XP level 2. HP: 19/19 MP: 2/2
   288 | D:1      | Reached XP level 3. HP: 24/24 MP: 3/3
  1368 | D:2      | Reached XP level 4. HP: 30/30 MP: 4/4
  1980 | D:3      | Found a transporter.
  2012 | D:3      | Noticed SamuraiZach's ghost (amateur NaFi)
  2042 | D:3      | Reached skill level 6 in Stealth
  2091 | D:3      | Noticed Natasha
  2094 | D:3      | Killed Natasha
  2111 | D:3      | Reached XP level 5. HP: 17/36 MP: 5/5
  2310 | D:3      | Found a transporter.
  2746 | D:3      | Noticed Natasha
  2753 | D:3      | Killed Natasha
  2873 | D:3      | Noticed Natasha
  2890 | D:3      | Killed Natasha
  2971 | D:4      | Reached XP level 6. HP: 42/42 MP: 6/6
  3302 | D:4      | Noticed Ijyb
  3371 | D:4      | Killed Ijyb
  3641 | D:4      | Reached skill level 7 in Stealth
  3641 | D:4      | Reached XP level 7. HP: 46/46 MP: 7/7
  4082 | D:5      | Entered Level 5 of the Dungeon
  4138 | D:5      | Found a runed translucent gate.
  4138 | D:5      | Found a runed translucent gate.
  4222 | D:5      | Found an opulent altar of Gozag.
  4222 | D:5      | Noticed a centaur warrior
  4585 | D:5      | Found a runed translucent gate.
  4586 | D:5      | Noticed LohmatiyShmel's ghost (novice MiFi)
  4679 | D:5      | Reached XP level 8. HP: 50/54 MP: 8/8
  4873 | D:5      | Reached skill level 8 in Stealth
  4873 | D:5      | Reached skill level 1 in Shields
  4962 | D:6      | Found a staircase to the Ecumenical Temple.
  4963 | D:6      | Found a sand-covered staircase.
  4992 | Temple   | Entered the Ecumenical Temple
  5459 | Temple   | Became a worshipper of Dithmenos the Shadowed
  5490 | Ossuary  | Entered an ossuary
  5587 | Ossuary  | Noticed a wraith
  5587 | Ossuary  | Noticed a flying skull
  5594 | Ossuary  | Noticed a flying skull
  5598 | Ossuary  | Noticed a flying skull
  5628 | Ossuary  | Noticed a wraith
  5630 | Ossuary  | Killed a wraith
  5672 | Ossuary  | Noticed a flying skull
  5680 | Ossuary  | Noticed a wraith
  5681 | Ossuary  | Killed a wraith
  5681 | Ossuary  | Reached skill level 5 in Fighting
  5681 | Ossuary  | Reached skill level 5 in Short Blades
  5687 | Ossuary  | Noticed a flying skull
  5883 | D:6      | Reached skill level 5 in Dodging
  5883 | D:6      | Reached XP level 9. HP: 61/61 MP: 9/9
  5953 | D:6      | Reached * piety under Dithmenos
  5953 | D:6      | Reached skill level 9 in Stealth
  6047 | D:6      | Noticed Sigmund
  6069 | D:6      | Killed Sigmund
  6108 | D:6      | Noticed Edmund
  6141 | D:6      | Killed Edmund
  6490 | D:6      | Found a blossoming altar of Fedhas.
  7263 | D:7      | Reached skill level 10 in Stealth
  7312 | D:7      | Reached ** piety under Dithmenos
  7608 | D:7      | Reached XP level 10. HP: 68/68 MP: 10/10
  7848 | D:7      | Found a burning altar of Makhleb.
  8404 | D:8      | Reached skill level 5 in Shields
  8755 | D:9      | Noticed a two-headed ogre
  9082 | D:9      | Reached skill level 11 in Stealth
  9109 | D:9      | Reached *** piety under Dithmenos
  9616 | D:9      | Noticed Erica
  9623 | D:9      | Killed Erica
  9623 | D:9      | Reached XP level 11. HP: 74/74 MP: 11/11
  9910 | D:10     | Entered Level 10 of the Dungeon
 10328 | D:10     | Reached **** piety under Dithmenos
 10337 | D:10     | Noticed a three-headed hydra
 10358 | D:10     | Mangled by a three-headed hydra

Illustrated notes

Levels and vault maps discovered:
D:1:      evilmike_arrival_plus, layout_basic, lemuel_another_geyser
D:2:      layout_basic
D:3:      layout_basic, first_ration, gammafunk_ghost_stat_death, minivault_24,
          uniq_natasha
D:4:      layout_layer_cave, uniq_ijyb
D:5:      layout_basic, ebering_ghost_gozag
D:6:      layout_rooms, minmay_temple_entry_statues,
          nicolae_ossuary_entry_monument, st_stairs_5,
          fedhas_altar_decomposition, uniq_sigmund, uniq_edmund
D:7:      layout_layer_cave, marbit_many_paths, nrook_mini_vaults
D:8:      layout_loops_ring
D:9:      layout_long_grid, uniq_erica
D:10:     layout_layer_cave, lair_entry_dummy, hangedman_ranch
          [blue_anna_fruit_fields]
Temple:   nicolae_temple_the_god_donut

Skill      XL: |  1  2  3  4  5  6  7  8  9 10 |
---------------+-------------------------------+-----
Dodging        | 2 3 5 6 7 |  7.8
Stealth        | 6 7 8 10 11 | 11.9
Fighting       | 3 4 5 6 7 |  7.9
Short Blades   | 3 4 5 6 7 |  7.9
Throwing       | 3 4 |  4.2
Shields        | 2 4 6 |  6.5

Action                   |  1- 3 |  4- 6 |  7- 9 | 10-12 || total
-------------------------+-------+-------+-------+-------++-------
Melee: Dagger            |    45 |   114 |   274 |   224 ||   657
       Constrict         |     8 |    26 |    46 |    29 ||   109
       Tentacles         |     4 |    13 |    55 |    41 ||   113
       Unarmed           |       |     8 |       |       ||     8
 Fire: Hunting sling     |       |       |     2 |       ||     2
Throw: Dart              |     6 |    43 |    98 |    21 ||   168
  Use: Scroll            |     7 |     5 |     9 |     5 ||    26
       Potion            |       |     1 |       |     4 ||     5
 Stab: Sleeping          |    19 |    10 |    23 |    32 ||    84
       Confused          |       |     1 |       |       ||     1
       Distracted        |       |       |     1 |       ||     1
  Eat: Chunk             |     1 |     7 |     9 |     6 ||    23
       Ration            |       |       |     1 |     1 ||     2
Armor: Skin              |     8 |     6 |     8 |     1 ||    23
Dodge: Dodged            |    22 |    97 |   115 |    84 ||   318
Block: Kite shield       |       |       |    54 |    92 ||   146
